 Dungeon Crawl Stone Soup version 0.26.1-11-gd32895ea62 (webtiles) character file.

Game seed: 9269930236644912932

1097 Zeld the Cleaver (level 8, -4/64 HPs)
             Began as a Minotaur Berserker on May 24, 2021.
             Was an Elder of Trog.
             Slain by Sigmund
             ... wielding a +0 scythe
              (6 damage)
             ... on level 6 of the Dungeon.
             The game lasted 00:09:48 (8689 turns).

Zeld the Cleaver (Minotaur Berserker)               Turns: 8689, Time: 00:09:48

Health: -4/64      AC:  2    Str: 24    XL:     8   Next: 10%
Magic:  7/7        EV:  9    Int:  4    God:    Trog [****..]
Gold:   437        SH:  7    Dex: 10    Spells: 7/7 levels left

rFire    . . .     SeeInvis .   a - +0 hand axe
rCold    . . .     Faith    .   o - +0 kite shield
rNeg     . . .     Spirit   .   (no armour)
rPois    .         Reflect  .   p - +1 hat
rElec    .         Harm     .   (no cloak)
rCorr    .         Rampage  .   e - +0 pair of gloves
Will     ++...                  (no boots)
Stlth    +.........             (no amulet)
HPRegen  1.20/turn              (no ring)
MPRegen  0.10/turn              (no ring)

@: berserk cooldown, regenerating, slowed, very slow
A: retaliatory headbutt, horns 2
a: Renounce Religion, Berserk, Trog's Hand, Brothers in Arms


You were on level 6 of the Dungeon.
You worshipped Trog.
Trog was greatly pleased with you.
You visited 1 branch of the dungeon, and saw 6 of its levels.
You also visited: Ossuary.

You collected 437 gold pieces.

Inventory:

Hand Weapons
 a - a +0 hand axe (weapon)
Armour
 e - a +0 pair of gloves (worn)
 o - a +0 kite shield (worn)
 p - a +1 hat (worn)
Wands
 h - a wand of random effects (15)
Scrolls
 b - a scroll of enchant weapon
 d - 5 scrolls of teleportation
 n - 2 scrolls of remove curse
 t - a scroll of magic mapping
 v - a scroll of identify
Potions
 c - 2 potions of lignification {unknown}
 f - 2 potions of degeneration {unknown}
 g - a potion of invisibility {unknown}
 i - 2 potions of heal wounds {unknown}
 j - a potion of might {unknown}
 k - 4 potions of magic {unknown}
 l - 3 potions of brilliance {unknown}
 m - a potion of resistance {unknown}
 q - 2 potions of curing {unknown}
 r - 2 potions of ambrosia {unknown}
 s - 2 potions of haste {unknown}
 u - a potion of berserk rage {unknown}


   Skills:
 - Level 3.6 Fighting
 * Level 11.7 Axes
 - Level 2.4 Armour
 - Level 2.1 Dodging


You had 7 spell levels left.
You didn't know any spells.
Your spell library was empty.

Dungeon Overview and Level Annotations

Branches:
Dungeon (6/15)            Ossuary (visited)
 Temple: D:4-7

Altars:
Gozag
Nemelex Xobeh
Sif Muna
Uskayaw
Wu Jian
Xom
The Shining One

Annotations:
D:6 Sigmund


Innate Abilities, Weirdness & Mutations

You reflexively headbutt those who attack you in melee.
You have a pair of horns on your head.


Message History

No target in view!
No target in view!
Something hits you.
You hit something. Something hits you.
You closely miss something. You closely miss something. Something hits you!
You slash something! Your headbutt misses something.
You are no longer berserk.
You are exhausted.
You feel as though you will be slow longer.
You barely miss something. Something hits you!
* * * LOW HITPOINT WARNING * * *
You miss something. Something hits you!
* * * LOW HITPOINT WARNING * * *
You closely miss something. Something hits you.
* * * LOW HITPOINT WARNING * * *
Your skin crawls.
You feel strong-willed. Something hits you.
You die...

....... ########...###
.#### ....##.......#
.[..#
##...........#####..#.##
#..##.................#
#..##.............###..
#..##.#.........#(#?#.#
#..##.####.....{..#?#..
#..##.# ##...#@.......
###.##.# #......##.##. .
...... #.!.###)#...#. #
#.#.#?....(...
#...###.#...#.
#...)....##.##.
#.#...#........
#...##.....#.#.. ..#.
....#.#!#.#


There were no monsters in sight!

Vanquished Creatures
  An ogre (D:5)
  2 phantoms
  A bullfrog (D:6)
  A gnoll sergeant (D:6)
  A howler monkey (D:4)
  A quasit (D:4)
  4 orc wizards
  2 hounds
  Jessica (D:3)
  8 mummies (Ossuary)
  Robin (D:3)
  12 gnolls
  8 adders
  4 oozes
  2 adder skeletons
  A worm (D:2)
  2 dart slugs
  6 leopard geckos
  13 orcs
  10 bats
  2 giant cockroaches
  A gnoll zombie (Ossuary)
  9 goblins
  8 hobgoblins
  A ball python (D:3)
  5 frilled lizards
  A giant cockroach zombie (D:5)
  6 kobolds
  5 kobold zombies (Ossuary)
  2 orc zombies (Ossuary)
  12 rats
133 creatures vanquished.

Notes
Turn   | Place    | Note
-------+----------+-------------------------------------------
     0 | D:1      | Zeld the Minotaur Berserker began the quest for the Orb.
     0 | D:1      | Reached XP level 1. HP: 19/19 MP: 0/0
   364 | D:1      | Reached skill level 4 in Axes
   367 | D:1      | Reached XP level 2. HP: 17/26 MP: 1/1
   938 | D:2      | Reached skill level 5 in Axes
   938 | D:2      | Reached XP level 3. HP: 31/31 MP: 2/2
  1087 | D:2      | Found an ornate altar of the Wu Jian Council.
  1090 | D:2      | Found an opulent altar of Gozag.
  1093 | D:2      | Found a shimmering blue altar of Sif Muna.
  1690 | D:2      | Reached ** piety under Trog
  1749 | D:2      | Found a sparkling altar of Nemelex Xobeh.
  1751 | D:2      | Found a hide-covered altar of Uskayaw.
  1832 | D:2      | Reached XP level 4. HP: 33/39 MP: 3/3
  1970 | D:2      | Reached skill level 6 in Axes
  2241 | D:3      | Noticed Robin
  2256 | D:3      | Killed Robin
  2621 | D:3      | Noticed Jessica
  2632 | D:3      | Killed Jessica
  2633 | D:3      | Reached skill level 7 in Axes
  2633 | D:3      | Reached XP level 5. HP: 17/45 MP: 4/4
  4132 | D:3      | Reached *** piety under Trog
  4583 | D:4      | Noticed a phantom
  4591 | D:4      | Killed a phantom
  4592 | D:4      | Reached skill level 8 in Axes
  4592 | D:4      | Reached XP level 6. HP: 51/51 MP: 5/5
  4695 | D:4      | Found a shimmering altar of Xom.
  5098 | D:4      | Reached skill level 9 in Axes
  5149 | D:4      | Found a glowing golden altar of the Shining One.
  6478 | D:4      | Reached XP level 7. HP: 57/57 MP: 6/6
  6804 | D:5      | Entered Level 5 of the Dungeon
  6875 | D:5      | Found a sand-covered staircase.
  6887 | Ossuary  | Entered an ossuary
  7007 | Ossuary  | Reached skill level 10 in Axes
  7890 | D:5      | Reached skill level 11 in Axes
  8070 | D:5      | Reached **** piety under Trog
  8318 | D:6      | Reached XP level 8. HP: 37/64 MP: 7/7
  8668 | D:6      | Noticed Sigmund
  8688 | D:6      | HP: 1/64 [something (6)]
  8689 | D:6      | Slain by Sigmund

Illustrated notes

Levels and vault maps discovered:
D:1:      dpeg_arrival_long_road, layout_basic
D:2:      layout_loops_ring, nicolae_overflow_hidden_temple
D:3:      layout_basic, hangedman_feature_mirror, uniq_robin, uniq_jessica
D:4:      layout_rooms, xom_teletrap_fun, tso_altar
D:5:      layout_rooms, chequers_ossuary_entry_cave
D:6:      layout_loops_ring, minmay_temple_entry_tees, minmay_fractal_squares_5,
          uniq_eustachio, uniq_sigmund

Skill      XL: |  1  2  3  4  5  6  7 |
---------------+----------------------+-----
Axes           | 4 5 7 8 9 11 | 11.7
Fighting       | |  3.6
Armour         | |  2.4
Dodging        | |  2.1

Action                   |  1- 3 |  4- 6 |  7- 9 || total
-------------------------+-------+-------+-------++-------
Melee: Hand axe          |    68 |   134 |   102 ||   304
       Headbutt          |    14 |    20 |    27 ||    61
Invok: Berserk           |       |    11 |     5 ||    16
       Trog's Hand       |       |       |     1 ||     1
  Use: Scroll            |       |     7 |     4 ||    11
Armor: Skin              |       |       |     8 ||     8
Dodge: Dodged            |    46 |    69 |    27 ||   142
Block: Kite shield       |       |    55 |    18 ||    73
